 Dungeon Crawl Stone Soup version 0.18.1-47-g9310371 (webtiles) character file.

644123 protoss039 the Axe Maniac (level 27, -3/268 (273) HPs)
             Began as a Minotaur Berserker on June 20, 2016.
             Was a High Priest of the Shining One.
             Slain by an emperor scorpion (4 damage)
             ... summoned by a greater mummy
             ... on level 2 of the Tomb of the Ancients on June 21, 2016.
             The game lasted 06:52:06 (81321 turns).

protoss039 the Axe Maniac (Minotaur Berserker)     Turns: 81321, Time: 06:52:07

HP:   -3/268 (273)  AC: 31    Str: 37    XL:     27
MP:   13/38         EV: 10    Int:  5    God:    the Shining One [*****.]
Gold: 6423          SH: 38    Dex:  8    Spells: 2 memorised, 14 levels left

rFire  + + .     SeeInvis +     j - +9 broad axe (holy)
rCold  + + +     Gourm    .     U - +6 chain mail "Xuoxiat" {rF+++ rCorr Int+3 Dex-4}
rNeg   + + +     Faith    .     y - +18 shield of the gong {rElec rN+ MR+ EV-5}
rPois  +         Spirit   .     u - +2 hat of the Blizzard {rPois rF+}
rElec  +         Dismiss  .     Y - +2 cloak of Starlight {rElec rC+ EV+4 Stlth--}
rCorr  +         Reflect  .     M - +2 pair of gloves
SustAt .         Harm     .     (no boots)
MR     +++++                    (no amulet)
Stlth  ..........               q - ring "Pidol" {Ice MR++ Str+4}
                                N - ring "Puom" {Ice rElec rN+ MP+9 SInv}

@: lethally poisoned (-3 -> -7), slowed, glowing, very slow, almost entirely
resistant to hostile enchantments, extremely unstealthy
A: retaliatory headbutt, horns 2, dopey 1, MP-powered wands
a: Divine Shield, Cleansing Flame, Summon Divine Warrior, Renounce Religion
}: 4/15 runes: decaying, serpentine, slimy, silver


You were on level 2 of the Tomb of the Ancients.
You worshipped the Shining One.
The Shining One was extremely pleased with you.
You were not hungry.

You visited 12 branches of the dungeon, and saw 58 of its levels.
You visited the Abyss 1 time.
You also visited: Ice Cave.

You collected 8566 gold pieces.
You spent 2143 gold pieces at shops.

Inventory:

Hand Weapons
 j - a +9 broad axe of holy wrath (weapon)
 K - the +8 hand axe "Fimutouv" {freeze, rN+ MR+}
   (You took it off a deep elf elementalist on level 5 of the Vaults)

   It has been specially enchanted to freeze those struck by it, causing extra
   injury to most foes and up to half again as much damage against particularly
   susceptible opponents.
   It can also slow down cold-blooded creatures.
   It protects you from negative energy.
   It affects your resistance to hostile enchantments.
 Q - the +4 broad axe of Fear {chop, rPois Stlth+}
   (You acquired it on level 5 of the Vaults)

   It inflicts extra damage upon your enemies.
   It protects you from poison.
   It makes you more stealthy.
Missiles
 b - 14 needles of confusion
 G - 7 needles of frenzy
Armour
 u - the +2 hat of the Blizzard (worn) {rPois rF+}
   (You found it on level 1 of the Abyss)

   It protects you from fire.
   It protects you from poison.
 y - the +18 shield of the gong (worn) {rElec rN+ MR+ EV-5}
   (You found it on level 6 of the Pits of Slime)

   It affects your evasion (-5).
   It insulates you from electricity.
   It protects you from negative energy.
   It affects your resistance to hostile enchantments.
 M - a +2 pair of gloves (worn)
 U - the +6 chain mail "Xuoxiat" (worn) {rF+++ rCorr Int+3 Dex-4}
   (You found it on level 8 of the Lair of Beasts)

   It affects your intelligence (+3).
   It affects your dexterity (-4).
   It renders you almost immune to fire.
   It protects you from acid and corrosion.
 Y - the +2 cloak of Starlight (worn) {rElec rC+ EV+4 Stlth--}
   (You found it on level 5 of the Vaults)

   It affects your evasion (+4).
   It protects you from cold.
   It insulates you from electricity.
   It makes you much less stealthy.
Jewellery
 q - the ring "Pidol" (right hand) {Ice MR++ Str+4}
   (You found it in an ice cave)

   [ring of ice]

   It enhances your ice magic, and weakens your fire magic.
   It affects your strength (+4).
   It makes you vulnerable to fire.
   It protects you from cold.
   It affects your resistance to hostile enchantments.
 N - the ring "Puom" (left hand) {Ice rElec rN+ MP+9 SInv}
   (You found it on level 4 of the Lair of Beasts)

   [ring of ice]

   It enhances your ice magic, and weakens your fire magic.
   It makes you vulnerable to fire.
   It protects you from cold.
   It insulates you from electricity.
   It protects you from negative energy.
   It affects your magic capacity (+9).
   It lets you see invisible.
Wands
 r - a wand of digging (16/24)
 s - a wand of teleportation (6/9)
 H - a wand of disintegration (20/24)
 J - a wand of slowing (24/48)
Scrolls
 a - 3 scrolls of identify
 e - 7 scrolls of teleportation
 g - 13 scrolls of enchant weapon
 k - 10 scrolls of enchant armour
 n - 14 scrolls of magic mapping
 o - a scroll of silence
 t - 25 scrolls of remove curse
 v - 9 scrolls of recharging
 A - a scroll of fog
 I - a scroll of summoning
 L - 6 scrolls of fear
Potions
 f - a potion of curing
 l - 3 potions of agility
 B - 4 potions of haste
 P - 2 potions of might
 W - 2 potions of cancellation
Books
 i - a book of the Tempests

   Spells                             Type                      Level
   a - Static Discharge               Conjuration/Air              3
   b - Lightning Bolt                 Conjuration/Air              5
   c - Fireball                       Conjuration/Fire             5
   d - Tornado                        Air                          9
   e - Shatter                        Earth                        9
 p - a book of Enchantments

   Spells                             Type                      Level
   a - Cause Fear                     Hexes                        4
   b - Yara's Violent Unravelling     Hexes/Transmutation          5
   c - Silence                        Hexes/Air                    5
   d - Deflect Missiles               Charms/Air                   6
   e - Haste                          Charms                       6
   f - Discord                        Hexes                        8
 w - a book of Alchemy

   Spells                             Type                      Level
   a - Sublimation of Blood           Necromancy                   2
   b - Ignite Poison                  Fire/Transmutation/Poison    3
   c - Petrify                        Transmutation/Earth          4
   d - Alistair's Intoxication        Transmutation/Poison         5
   e - Irradiate                      Conjuration/Transmutation    5
Comestibles
 c - 52 bread rations
 d - 22 meat rations
 h - a beef jerky
 D - 15 fruits


   Skills:
 O Level 27 Fighting
   Level 5.3 Long Blades
 O Level 27 Axes
 - Level 11.1 Throwing
 + Level 21.8 Armour
 - Level 3.1 Dodging
 O Level 27 Shields
 - Level 2.5 Spellcasting
 - Level 3.0 Hexes
 - Level 3.1 Air Magic
 - Level 9.5 Invocations
 - Level 0.3 Evocations


You had 14 spell levels left.
You knew the following spells:

 Your Spells              Type           Power        Failure   Level  Hunger
a - Tornado               Air            #.........   100%        9    #######
b - Discord               Hex            #.........   100%        8    #######


Dungeon Overview and Level Annotations

Branches:
Dungeon (15/15)            Temple (1/1) D:4            Lair (8/8) D:8
  Swamp (4/4) Lair:5        Snake (4/4) Lair:6        Slime (6/6) Lair:8
    Orc (2/2) D:9             Elf (3/3) Orc:2        Vaults (5/5) D:13
  Crypt (3/3) Vaults:3       Tomb (2/3) Crypt:3      Depths (5/5) D:15
    Zot (0/5) Depths:5

Altars:
Ashenzari
Cheibriados
Dithmenos
Elyvilon
Fedhas
Gozag
Kikubaaqudgha
Makhleb
Nemelex Xobeh
Okawaru
Pakellas
Qazlal
Ru
Sif Muna
Trog
Vehumet
Xom
Yredelemnul
Zin
The Shining One
Beogh

Shops:
D:5 (   D:9 !   D:10 *   D:15 (   Orc:1 [   Orc:2 !}(?   Snake:3 !(}!
Snake:4 %   Vaults:2 =   Vaults:4 %   Depths:1 *   Depths:3 *   Depths:4 *[!%

Portals:
Hell: Depths:1 Depths:2 Depths:3 Depths:4 Depths:5
Abyss: Depths:4 Depths:5
Pandemonium: Depths:3
Ziggurat: Depths:1


Innate Abilities, Weirdness & Mutations

You reflexively headbutt those who attack you in melee.
You have a pair of horns on your head.
You are dopey. (Int -2)
You expend magic power (3 MP) to strengthen your wands.


Message History

The emperor scorpion is lightly wounded.
The golden flame engulfs the emperor scorpion.
The emperor scorpion writhes in agony!
The emperor scorpion is lightly wounded.
You feel somewhat more hungry.
* * * LOW HITPOINT WARNING * * *
You feel sick.
The greater mummy casts a spell.
You block the emperor scorpion's attack.
PANG!
You block the emperor scorpion's attack.
BOUMMMMG!
The emperor scorpion claws you but does no damage.
The emperor scorpion stings you but does no damage.
You block the emperor scorpion's attack.
GONNNNG!
You block the emperor scorpion's attack.
BONNNG!
The emperor scorpion stings you.
You die...

######............
#....#...[........
#..^^#[[......#...
#...^))...........
#..)^#............
#.^..#..###.......
###[##..# #.......
#4s^^#..# #.......
#@ss.#..# #.......
#Ms3.#... ........
######... ........
#... ....... #####


You could see a greater mummy, 4 emperor scorpions, a sun demon and an orange
demon.

Vanquished Creatures
  the Royal Jelly (Slime:6)
  Mara (Swamp:3)
  An ancient lich (Depths:4)
  19 greater mummies
  Frederick (Tomb:1)
  The ghost of Malvoorn the Tortoise, a veteran MiGl of Okawaru (Vaults:5)
  A profane servitor (Crypt:3)
  2 bone dragons
  Nikola (Swamp:3)
  An Ice Fiend (IceCv)
  3 tentacled monstrosities
  6 titans
  30 acid blobs
  3 deep elf blademasters
  4 liches
  2 quicksilver dragons
  Frances (D:13)
  2 deep elf master archers (Elf:3)
  Gastronok (Lair:1)
  A thorn hunter (Swamp:2)
  Kirke (Snake:1)
  9 ancient champions
  Roxanne (D:15)
  4 storm dragons
  8 sphinxes
  3 shadow dragons
  7 tengu reavers
  8 greater nagas
  17 azure jellies
  3 revenants
  16 vault wardens
  Wiglaf (Vaults:2)
  Donald (Swamp:4)
  12 fire giants
  A draconian scorcher (Depths:5)
  5 deep elf sorcerers
  An iron dragon (Vaults:5)
  10 frost giants
  Aizul (Swamp:1)
  6 deep elf elementalists
  2 orc warlords (Depths:4)
  3 reapers
  9 ghouls
  A draconian zealot (Depths:5)
  A draconian annihilator (Depths:5)
  13 ironheart preservers
  The ghost of Britaniac the Fencer, a journeyman HOFi of Okawaru (Orc:2)
  3 war gargoyles (Vaults:5)
  2 curse skulls
  A caustic shrike skeleton (Crypt:2)
  26 stone giants
  23 very ugly things
  Nessos (D:15)
  3 salamander stormcallers
  7 deep elf demonologists
  A yellow draconian (Depths:5)
  A black draconian (Depths:5)
  6 vampire knights
  A white draconian (Depths:5)
  8 deep elf annihilators
  The ghost of thrashmonkey the Basher, a journeyman MiFi of Okawaru (IceCv)
  5 eidola
  A mottled draconian (Depths:5)
  12 deep elf death magi
  9 mummy priests
  Josephine (D:13)
  9 jiangshi
  A merfolk impaler (Depths:3)
  31 vault guards
  14 ettins
  4 fire dragons
  22 yaktaur captains
  4 entropy weavers
  5 deep elf high priests
  8 death oozes (Slime:6)
  15 great orbs of eyes
  6 ice dragons
  11 naga warriors
  30 hydras
  An ice dragon (shapeshifter) (D:14)
  Harold (D:10)
  A spriggan air mage (Depths:5)
  5 rakshasas
  5 ghost crabs
  Erica (D:8)
  3 catoblepae
  6 anacondas
  3 death knights
  8 centaur warriors
  12 ogre magi
  20 dancing weapons
  9 alligators
  11 vampire magi
  2 deep troll shamans
  2 orc high priests
  3 spriggan berserkers
  2 death yaks
  Urug (Lair:1)
  14 naga sharpshooters
  2 deep troll earth magi
  7 shock serpents
  4 tengu warriors
  A hellephant zombie (Crypt:3)
  2 soul eaters
  Nergalle (Orc:2)
  12 hell knights
  A titan skeleton (Depths:3)
  24 deep elf knights
  4 salamander mystics
  2 storm dragon zombies
  2 storm dragon skeletons
  7 iron trolls
  2 large abominations
  2 fire crabs
  22 skeletal warriors
  7 death scarabs
  A ghost moth zombie (Crypt:3)
  An iron troll (shapeshifter) (Vaults:3)
  A sea snake (Snake:3)
  A spriggan druid (Swamp:4)
  A golden dragon zombie (Crypt:1)
  4 unseen horrors
  2 shadow wraiths
  3 shambling mangroves
  9 flayed ghosts
  A swamp dragon (shapeshifter) (Vaults:4)
  19 deep trolls
  13 swamp dragons
  An orange crystal statue (Elf:2)
  8 wizards
  An anaconda zombie (Tomb:2)
  18 deep elf archers
  14 anubis guards
  A shadow demon (Depths:3)
  6 orc knights
  9 naga ritualists
  An anaconda skeleton (Crypt:3)
  20 ironbrand convokers
  15 phantasmal warriors
  64 deep elf magi
  19 hill giants
  8 necromancers
  A golden dragon skeleton (Tomb:2)
  A wolf spider zombie (Crypt:3)
  A hell hog zombie (Crypt:2)
  2 stone giant zombies
  A harpy (shapeshifter) (Elf:1)
  5 harpies (Vaults:1)
  10 shining eyes
  5 cyclopes
  A glowing shapeshifter (Vaults:5)
  9 mana vipers
  49 ugly things
  14 orc sorcerers
  4 wolf spiders
  8 griffons
  3 hornets
  14 salamanders
  An oklob plant (Lair:5)
  An iron dragon skeleton (Crypt:1)
  A manticore (shapeshifter) (Vaults:5)
  A manticore (D:15)
  3 elephants (Lair:3)
  An octopode (shapeshifter) (Depths:5)
  2 shock serpent zombies
  2 guardian serpents
  Maurice (D:13)
  15 vault sentinels
  A gargoyle (Depths:4)
  Joseph (D:10)
  Psyche (D:11)
  An ice statue (IceCv)
  A black mamba (shapeshifter) (Vaults:2)
  A rust devil (Depths:3)
  36 spiny frogs
  5 eyes of devastation
  38 black mambas
  34 naga magi
  A rime drake (Lair:3)
  8 komodo dragons
  A kobold demonologist (D:15)
  A pale draconian zombie (Crypt:1)
  18 freezing wraiths
  A redback zombie (Crypt:3)
  3 elves (Depths:4)
  A golden dragon simulacrum (IceCv)
  8 ice devils
  2 anaconda simulacra (IceCv)
  63 yaktaurs
  A mottled draconian skeleton (Crypt:3)
  An efreet (D:15)
  A purple draconian skeleton (Crypt:1)
  15 guardian mummies
  A sea snake skeleton (Crypt:2)
  22 two-headed ogres
  A troll (shapeshifter) (Depths:4)
  A red devil (Depths:3)
  A hellwing (Depths:3)
  A merfolk (shapeshifter) (Vaults:4)
  5 tengu conjurers
  18 trolls
  A hydra zombie (Crypt:1)
  A shadow dragon simulacrum (Crypt:3)
  A jumping spider (Depths:2)
  14 polar bears
  161 slime creatures
  11 giant leeches
  A two-headed ogre (shapeshifter) (Vaults:1)
  15 blink frogs
  5 boulder beetles
  A wolf spider simulacrum (IceCv)
  A jumping spider zombie (Crypt:2)
  9 bog bodies
  2 fire dragon zombies
  2 ushabtiu
  An ice dragon skeleton (Tomb:1)
  3 redbacks
  4 vampires (Depths:4)
  A spriggan (shapeshifter) (Depths:2)
  5 water elementals
  7 air elementals
  6 wyverns
  17 flying skulls
  A shadow (D:11)
  8 spriggans
  A human (Depths:4)
  3 basilisks
  9 wraiths
  36 yaks
  4 tarantellas
  A ynoxinul (Depths:3)
  4 fire elementals
  A neqoxec (Tomb:2)
  Grum (D:9)
  14 golden eyes
  A hog (Snake:1)
  2 basilisks (shapeshifter)
  5 hippogriffs
  The ghost of Zleub the Skirmisher, an amateur HuFi (D:4)
  A hippogriff (shapeshifter) (Depths:2)
  47 vampire mosquitoes
  4 hungry ghosts
  2 elf simulacra
  2 iron troll simulacra (IceCv)
  A hill giant skeleton (Crypt:3)
  3 harpy simulacra (IceCv)
  A mottled dragon (shapeshifter) (Vaults:3)
  20 swamp worms
  8 wargs
  A merfolk zombie (Crypt:3)
  4 mottled dragons
  5 hydra simulacra (IceCv)
  8 insubstantial wisps
  A soldier ant (D:14)
  50 nagas
  15 water moccasins
  13 porcupines
  23 orc warriors
  5 black bears
  19 swamp drakes
  3 sky beasts
  3 ettin simulacra
  2 ice beasts
  57 ogres
  16 wasps
  2 necrophages
  3 eyes of draining
  A phantom (D:8)
  A hog zombie (Crypt:1)
  An ogre (shapeshifter) (Vaults:3)
  9 boggarts
  26 centaurs
  A ghost crab zombie (Crypt:2)
  2 human skeletons (Vaults:3)
  A snapping turtle skeleton (Tomb:1)
  18 wolves
  14 crocodiles
  3 big kobolds
  An elf zombie (Crypt:1)
  A gnoll sergeant (D:8)
  An earth elemental (Elf:2)
  42 giant frogs
  A wyvern zombie (D:13)
  2 spectral wargs (Depths:4)
  A water moccasin zombie (D:6)
  A glowing shapeshifter simulacrum (Vaults:2)
  A water moccasin skeleton (D:10)
  5 scorpions
  12 killer bees
  An elephant simulacrum (IceCv)
  20 wights
  A swamp dragon simulacrum (IceCv)
  A snapping turtle simulacrum (Tomb:2)
  4 howler monkeys
  7 electric eels
  8 crimson imps
  A lava snake (D:8)
  A demonspawn zombie (Crypt:3)
  3 draconian simulacra (IceCv)
  2 giant frog zombies
  8 hounds
  2 human simulacra
  48 jellies
  27 orc priests
  3 centaur zombies
  5 centaur skeletons
  46 orc wizards
  5 giant frog skeletons
  16 iguanas
  8 worker ants
  Natasha (twice) (D:2)
  7 hell rats (Lair:6)
  2 troll simulacra (IceCv)
  18 sheep
  A spriggan simulacrum (IceCv)
  A killer bee zombie (D:5)
  A centaur simulacrum (IceCv)
  A dwarf skeleton (Crypt:1)
  A hound skeleton (D:4)
  42 mummies
  2 worker ant zombies
  Robin (D:2)
  3 gnolls (D:8)
  A howler monkey skeleton (D:4)
  A naga simulacrum (IceCv)
  58 river rats
  18 adders
  2 ogre simulacra (IceCv)
  A swamp drake skeleton (Crypt:1)
  2 shadow imps
  6 white imps
  5 ufetubi (IceCv)
  9 oozes
  4 adder skeletons
  A sheep zombie (Crypt:2)
  3 worms
  A ball lightning (Tomb:2)
  3 dart slugs
  4 giant geckos
  107 orcs
  6 giant cockroaches
  18 goblins
  2 hobgoblins
  17 jackals
  3 quokkas
  2 ball pythons
  9 bats
  4 giant newts
  A giant newt skeleton (Crypt:1)
  A hobgoblin skeleton (Crypt:2)
  A jackal skeleton (D:4)
  A jackal zombie (D:8)
  47 kobolds
  A quokka zombie (Crypt:3)
  11 rats
  A spectral orc (D:3)
  4 butterflies
  4 crawling corpses
  12 fungi
  25 plants
2922 creatures vanquished.

Vanquished Creatures (collateral kills)
  3 greater mummies (Tomb:1)
  the Lernaean hydra (Swamp:4)
  3 acid blobs (Slime:6)
  A sphinx (Tomb:1)
  A storm dragon (Vaults:5)
  3 azure jellies (Slime:6)
  A war gargoyle (Vaults:5)
  A deep elf demonologist (Vaults:5)
  2 death oozes (Slime:6)
  A mummy priest (Tomb:1)
  A dancing weapon (Elf:2)
  2 naga sharpshooters (Snake:4)
  3 deep elf knights
  A death scarab (Tomb:1)
  An anubis guard (Tomb:1)
  A salamander (Vaults:1)
  A shining eye (Slime:6)
  2 deep elf magi (Elf:2)
  A yaktaur (Vaults:1)
  An ushabti (Tomb:2)
  2 two-headed ogres (Crypt:2)
  A bog body (Swamp:4)
  A flying skull (Tomb:2)
  2 nagas (Snake:4)
  A hydra simulacrum (IceCv)
  A black bear (Vaults:3)
  4 mummies (Tomb:1)
43 creatures vanquished.

Vanquished Creatures (others)
  A titan (Vaults:5)
  A sphinx (Tomb:1)
  A storm dragon (Vaults:5)
  A vault warden (Vaults:4)
  20 death scarabs
  A skeletal warrior (Tomb:1)
  A black mamba (Lair:8)
  A vault sentinel (Vaults:5)
  A bog body (Swamp:4)
  9 flying skulls (Tomb:2)
  2 humans (Snake:1)
  A snapping turtle zombie (Tomb:2)
  An ogre (Vaults:1)
  3 electric eels (D:12)
  A jelly (Slime:5)
  An orc wizard (Elf:3)
  5 sheep (D:4)
  3 mummies (Tomb:1)
  A river rat (Lair:8)
  A white imp (IceCv)
  2 orcs
  2 butterflies
  4 fungi (Lair:8)
  7 lost souls
  14 plants
85 creatures vanquished.

Grand Total: 3050 creatures vanquished

Notes
Turn   | Place    | Note
--------------------------------------------------------------
     0 | D:1      | protoss039 the Minotaur Berserker began the quest for the Orb.
     0 | D:1      | Reached XP level 1. HP: 19/19 MP: 0/0
   140 | D:1      | Reached XP level 2. HP: 20/27 MP: 1/1
   696 | D:1      | Reached ** piety under Trog
   725 | D:1      | Reached XP level 3. HP: 34/34 MP: 2/2
  1335 | D:2      | Noticed Natasha
  1342 | D:2      | Killed Natasha
  1342 | D:2      | Reached XP level 4. HP: 22/41 MP: 3/3
  1380 | D:2      | Noticed Robin
  1392 | D:2      | Killed Robin
  1806 | D:2      | Noticed Natasha
  1811 | D:2      | Killed Natasha
  1811 | D:2      | Reached skill level 5 in Fighting
  1811 | D:2      | Reached XP level 5. HP: 32/48 MP: 4/4
  1969 | D:3      | Reached *** piety under Trog
  2181 | D:3      | Reached skill level 5 in Axes
  2181 | D:3      | Reached skill level 1 in Shields
  2464 | D:3      | Found a basalt altar of Yredelemnul.
  2779 | D:4      | Noticed Zleub's ghost (amateur HuFi)
  2790 | D:4      | Killed Zleub's ghost
  2790 | D:4      | Reached XP level 6. HP: 55/56 MP: 5/5
  2883 | D:4      | Found a shimmering altar of Xom.
  2911 | D:4      | Found a staircase to the Ecumenical Temple.
  2918 | D:4      | Reached **** piety under Trog
  2964 | Temple   | Entered the Ecumenical Temple
  3177 | D:4      | Reached XP level 7. HP: 21/62 MP: 6/6
  3547 | D:4      | Reached skill level 5 in Armour
  3719 | D:5      | Entered Level 5 of the Dungeon
  3997 | D:5      | Reached XP level 8. HP: 53/71 MP: 7/7
  4117 | D:5      | Found Vuex's Antique Weapon Emporium.
  4128 | D:5      | Bought a faintly glowing hand axe for 224 gold pieces
  4130 | D:5      | Identified the +1 hand axe of the Valley of Death {drain, rF- Dex+6 Stlth+} (You bought it in a shop on level 5 of the Dungeon)
  4130 | D:5      | Cast into level 1 of the Abyss (a distortion unwield)
  4152 | Abyss:1  | Got a distressingly furry hat
  4158 | Abyss:1  | Identified the +2 hat of the Blizzard {rPois rF+} (You found it on level 1 of the Abyss)
  4189 | Abyss:1  | Noticed a large abomination
  4200 | Abyss:1  | Killed a large abomination
  4204 | D:5      | Escaped the Abyss
  4291 | D:5      | Reached ***** piety under Trog
  5171 | D:5      | Reached XP level 9. HP: 78/79 MP: 8/8
  5525 | D:6      | Found an iron altar of Okawaru.
  5561 | D:6      | Reached skill level 10 in Axes
  5578 | D:6      | Received a gift from Trog
  7253 | D:8      | Noticed Erica
  7264 | D:8      | Found a glowing silver altar of Zin.
  7290 | D:8      | Killed Erica
  7290 | D:8      | Reached XP level 10. HP: 41/91 MP: 9/9
  7618 | D:8      | Found an oddly glowing altar of Pakellas.
  7670 | D:8      | Found a staircase to the Lair.
  7720 | D:8      | Reached skill level 1 in Long Blades
  8124 | D:8      | Received a gift from Trog
  8449 | D:8      | Found a burning altar of Makhleb.
  8557 | D:8      | Found a deep blue altar of Sif Muna.
  8729 | D:9      | Found a white marble altar of Elyvilon.
  8747 | D:9      | Noticed Grum
  8767 | D:9      | Killed Grum
  8776 | D:9      | Found Oguiczom's Distillery.
  8950 | D:9      | Found a staircase to the Orcish Mines.
  8987 | D:9      | Reached skill level 10 in Shields
  9558 | D:10     | Entered Level 10 of the Dungeon
  9595 | D:10     | Noticed a hill giant
  9605 | D:10     | Killed a hill giant
  9605 | D:10     | Reached skill level 5 in Long Blades
  9605 | D:10     | Reached XP level 11. HP: 99/99 MP: 10/10
  9798 | D:10     | Noticed Joseph
  9817 | D:10     | Killed Joseph
  9843 | D:10     | Found Guteg's Elemental Accessories.
  9984 | D:10     | Received a gift from Trog
  9984 | D:10     | Reached skill level 10 in Fighting
 10294 | D:10     | Noticed Harold
 10306 | D:10     | Killed Harold
 10337 | D:11     | Found a sparkling altar of Nemelex Xobeh.
 10536 | D:11     | Noticed Psyche
 10548 | D:11     | Killed Psyche
 10589 | D:11     | Noticed a red ugly thing
 10605 | D:11     | Killed a red ugly thing
 10754 | D:11     | Killed an unseen horror
 10756 | D:11     | Noticed a seven-headed hydra
 10762 | D:11     | Noticed a hill giant
 10764 | D:11     | Killed a four-headed hydra
 10783 | D:11     | Killed a hill giant
 11054 | D:11     | Noticed a red ugly thing
 11068 | D:11     | Killed a red ugly thing
 11478 | D:12     | Noticed a white ugly thing
 11498 | D:12     | Killed a white ugly thing
 11564 | D:12     | Noticed a hill giant
 11574 | D:12     | Killed a hill giant
 11619 | D:12     | Killed an unseen horror
 11619 | D:12     | Reached XP level 12. HP: 89/110 MP: 11/11
 11717 | D:12     | Reached skill level 10 in Armour
 12288 | D:13     | Noticed Frances
 12307 | D:13     | Killed Frances
 12337 | D:13     | Noticed Josephine
 12363 | D:13     | Killed Josephine
 12520 | D:13     | Received a gift from Trog
 12524 | D:13     | Got a warped falchion {god gift}
 12526 | D:13     | Identified the +4 falchion of Light {drain, rElec Dex+4} (Trog gifted it to you on level 13 of the Dungeon)
 12558 | D:13     | Noticed a tengu warrior
 12559 | D:13     | Noticed a tengu warrior
 12581 | D:13     | Killed a tengu warrior
 12588 | D:13     | Killed a tengu warrior
 12876 | D:13     | Noticed an ogre mage
 12891 | D:13     | Killed an ogre mage
 12915 | D:13     | Found a gate to the Vaults.
 13055 | D:13     | Found a shattered altar of Ashenzari.
 13323 | D:13     | Noticed Maurice
 13332 | D:13     | Killed Maurice
 13332 | D:13     | Reached XP level 13. HP: 119/119 MP: 12/12
 13426 | D:14     | Reached skill level 15 in Axes
 13670 | D:13     | Received a gift from Trog
 14800 | D:15     | Entered Level 15 of the Dungeon
 15107 | D:15     | Noticed Roxanne
 15142 | D:15     | Killed Roxanne
 15328 | D:15     | Reached XP level 14. HP: 130/130 MP: 4/13
 15441 | D:15     | Found a staircase to the Depths.
 15516 | D:15     | Found Wimauc's Weapon Shoppe.
 15591 | D:15     | Noticed Nessos
 15608 | D:15     | Received a gift from Trog
 15647 | D:15     | Killed Nessos
 16229 | D:15     | Found a radiant altar of Vehumet.
 16888 | Lair:1   | Entered Level 1 of the Lair of Beasts
 16888 | Lair:1   | Noticed Gastronok
 16908 | Lair:1   | Killed Gastronok
 17221 | Lair:1   | Noticed Urug
 17233 | Lair:1   | Killed Urug
 18207 | Lair:2   | Received a gift from Trog
 18243 | Lair:2   | Reached skill level 15 in Shields
 18409 | Lair:2   | Found a stormy altar of Qazlal.
 19252 | Lair:3   | Reached XP level 15. HP: 139/139 MP: 4/14
 19704 | Lair:4   | Received a gift from Trog
 19972 | Lair:4   | Got a shimmering granite ring
 19982 | Lair:4   | Reached skill level 15 in Fighting
 20497 | Lair:5   | Reached ****** piety under Trog
 20505 | Lair:5   | Found a staircase to the Swamp.
 21374 | Lair:6   | Got an ichor-stained chain mail
 21392 | Lair:6   | Identified the +1 chain mail "Vaunuvvo" {-Tele rElec MR+} (You found it on level 6 of the Lair of Beasts)
 21426 | Lair:6   | Found a staircase to the Snake Pit.
 21433 | Lair:6   | Received a gift from Trog
 21719 | Lair:6   | Identified the ring "Puom" {Ice rElec rN+ MP+9 SInv} (You found it on level 4 of the Lair of Beasts)
 22890 | Lair:7   | Found a glowing silver altar of Zin.
 23047 | Lair:7   | Received a gift from Trog
 23675 | Lair:7   | Got a shimmering turquoise ring
 23834 | Lair:8   | Entered Level 8 of the Lair of Beasts
 24855 | Lair:8   | Received a gift from Trog
 24955 | Lair:8   | Got a bound granite ring
 24996 | Lair:8   | Found a staircase to the Slime Pits.
 25123 | Lair:8   | Got a faintly glowing chain mail
 25125 | Lair:8   | Got a steaming golden ring
 25129 | Lair:8   | Identified the Reference Book on Ashen Poisoning
 25161 | Lair:8   | Identified the +6 chain mail "Xuoxiat" {rF+++ rCorr Int+3 Dex-4} (You found it on level 8 of the Lair of Beasts)
 25710 | Temple   | Identified the ring "Gystrin" {rPois rF+ SInv} (You found it on level 8 of the Lair of Beasts)
 25717 | Temple   | Identified the ring of Xom's Wantonness {Fragile +Fly rF++ Dex+3} (You found it on level 8 of the Lair of Beasts)
 25718 | Temple   | Identified the ring of Henloss {Fire Str+3} (You found it on level 7 of the Lair of Beasts)
 25958 | Orc:1    | Entered Level 1 of the Orcish Mines
 25990 | Orc:1    | Found Nuf Gosh's Antique Armour Shop.
 26021 | Orc:1    | Found a roughly hewn altar of Beogh.
 26425 | Orc:2    | Entered Level 2 of the Orcish Mines
 26544 | Orc:2    | Found a staircase to the Elven Halls.
 26778 | Orc:2    | Received a gift from Trog
 26784 | Orc:2    | Paralysed by an orc sorcerer for 5 turns
 26824 | Orc:2    | Found a radiant altar of Vehumet.
 26894 | Orc:2    | Noticed Nergalle
 26913 | Orc:2    | Killed Nergalle
 26937 | Orc:2    | Found a roughly hewn altar of Beogh.
 26937 | Orc:2    | Found Weffaijytt's Antique Weapon Shoppe.
 26938 | Orc:2    | Paralysed by an orc sorcerer for 2 turns
 26958 | Orc:2    | Found Puntet Xurr's Distillery.
 26970 | Orc:2    | Found Haluoh's Gadget Emporium.
 27000 | Orc:2    | Bought a potion of haste for 120 gold pieces
 27000 | Orc:2    | Bought a potion of might for 48 gold pieces
 27018 | Orc:2    | Found an ancient bone altar of Kikubaaqudgha.
 27040 | Orc:2    | Found Xyafywne's Magic Scroll Shoppe.
 27046 | Orc:2    | Bought a scroll of blinking for 112 gold pieces
 27130 | Orc:2    | Noticed Britaniac's ghost (journeyman HOFi)
 27163 | Orc:2    | Killed Britaniac's ghost
 27575 | Swamp:1  | Entered Level 1 of the Swamp
 27586 | Swamp:1  | Reached XP level 16. HP: 68/151 MP: 8/15
 27901 | Swamp:1  | Received a gift from Trog
 27959 | Swamp:1  | Noticed Aizul
 27986 | Swamp:1  | Killed Aizul
 29938 | Swamp:3  | Noticed a thorn hunter
 29951 | Swamp:2  | Killed a thorn hunter
 30590 | Swamp:3  | Noticed Mara
 30605 | Swamp:3  | Killed Mara
 30774 | Swamp:3  | Noticed Nikola
 30789 | Swamp:3  | Killed Nikola
 30809 | Swamp:3  | Received a gift from Trog
 31307 | Swamp:4  | Entered Level 4 of the Swamp
 31790 | Swamp:4  | Reached XP level 17. HP: 111/161 MP: 16/16
 31818 | Swamp:4  | Noticed the 27-headed Lernaean hydra
 32015 | Swamp:4  | Reached skill level 15 in Armour
 32776 | Swamp:4  | Killed the 27-headed Lernaean hydra
 32776 | Swamp:4  | Received a gift from Trog
 32894 | Swamp:4  | Noticed Donald
 32908 | Swamp:4  | Killed Donald
 34031 | Swamp:4  | Got a decaying rune of Zot
 35112 | Elf:1    | Entered Level 1 of the Elven Halls
 35503 | Elf:1    | Received a gift from Trog
 36855 | Elf:2    | Found a huge runed gate.
 36858 | Elf:2    | Found a huge runed gate.
 36858 | Elf:2    | Found a huge runed gate.
 36859 | Elf:2    | Found a huge runed gate.
 36860 | Elf:2    | Found a huge runed gate.
 37303 | Elf:2    | Noticed a deep elf blademaster
 37309 | Elf:2    | Reached XP level 18. HP: 161/172 MP: 8/17
 37336 | Elf:2    | Received a gift from Trog
 37878 | Elf:3    | Entered Level 3 of the Elven Halls
 38394 | Elf:3    | Received a gift from Trog
 38582 | Elf:3    | Noticed an Ice Fiend
 39842 | Elf:3    | Reached XP level 19. HP: 107/183 MP: 9/18
 40122 | Elf:3    | Identified the Almanac of Warped Poison
 40526 | Temple   | Received a gift from Trog
 40811 | Snake:1  | Entered Level 1 of the Snake Pit
 40898 | Snake:1  | Found a frozen archway.
 40961 | IceCv    | Entered an ice cave
 40999 | IceCv    | Noticed thrashmonkey's ghost (journeyman MiFi)
 41027 | IceCv    | Killed thrashmonkey's ghost
 41217 | IceCv    | Reached skill level 1 in Throwing
 41827 | IceCv    | Got a flickering bronze ring
 42411 | Snake:1  | Noticed Kirke
 42433 | Snake:1  | Killed Kirke
 42858 | Snake:1  | Identified the ring "Pidol" {Ice MR++ Str+4} (You found it in an ice cave)
 43047 | Snake:2  | Received a gift from Trog
 44276 | Snake:3  | Found Vesiw's Gadget Boutique.
 44648 | Snake:3  | Found Bota's Antique Weapon Shoppe.
 44722 | Snake:3  | Received a gift from Trog
 44859 | Snake:3  | Found Zadd's Distillery.
 44866 | Snake:3  | Bought a potion of heal wounds for 75 gold pieces
 44866 | Snake:3  | Bought a potion of curing for 45 gold pieces
 44866 | Snake:3  | Bought a potion of heal wounds for 75 gold pieces
 44866 | Snake:3  | Bought a potion of cure mutation for 375 gold pieces
 44866 | Snake:3  | Bought a potion of curing for 45 gold pieces
 44866 | Snake:3  | Bought a potion of cure mutation for 375 gold pieces
 44866 | Snake:3  | Bought a potion of curing for 45 gold pieces
 44866 | Snake:3  | Bought a potion of heal wounds for 75 gold pieces
 44866 | Snake:3  | Bought a potion of agility for 60 gold pieces
 45001 | Snake:3  | Found Jupufil's Distillery.
 45010 | Snake:3  | Bought a potion of heal wounds for 85 gold pieces
 45010 | Snake:3  | Bought a potion of agility for 68 gold pieces
 45010 | Snake:3  | Bought a potion of heal wounds for 85 gold pieces
 45010 | Snake:3  | Bought a potion of heal wounds for 85 gold pieces
 45445 | Snake:3  | Received a gift from Trog
 45469 | Snake:4  | Entered Level 4 of the Snake Pit
 46036 | Snake:4  | Found Aceofun's Food Boutique.
 46044 | Snake:4  | Bought a royal jelly for 24 gold pieces
 46150 | Snake:4  | Received a gift from Trog
 46162 | Snake:4  | Reached XP level 20. HP: 124/193 MP: 5/19
 46163 | Snake:4  | Received a gift from Trog
 46852 | Snake:4  | Reached skill level 5 in Throwing
 47149 | Snake:4  | Received a gift from Trog
 47201 | Snake:4  | Got a serpentine rune of Zot
 47279 | Snake:4  | Identified 3 scrolls of acquirement
 47331 | Snake:4  | Got a faintly glowing hat
 47343 | Snake:4  | Identified the +2 hat of Satti Cei {rCorr} (You acquired it on level 4 of the Snake Pit)
 48015 | Vaults:1 | Entered Level 1 of the Vaults
 49907 | Vaults:2 | Received a gift from Trog
 50245 | Vaults:2 | Noticed Wiglaf
 50278 | Vaults:2 | Killed Wiglaf
 51407 | Vaults:2 | Found Laysiqi's Jewellery Emporium.
 51487 | Vaults:2 | Received a gift from Trog
 51913 | Vaults:3 | Received a gift from Trog
 51913 | Vaults:3 | Reached XP level 21. HP: 203/203 MP: 9/20
 52940 | Vaults:3 | Found a staircase to the Crypt.
 52940 | Vaults:3 | Found a basalt altar of Yredelemnul.
 52941 | Vaults:3 | Found an ancient bone altar of Kikubaaqudgha.
 53104 | Vaults:4 | Received a gift from Trog
 53315 | Vaults:4 | Received a gift from Trog
 53402 | Vaults:4 | Found Piapnosm's Food Shop.
 53652 | Vaults:4 | Received a gift from Trog
 54213 | Vaults:5 | Entered Level 5 of the Vaults
 54235 | Vaults:5 | Received a gift from Trog
 54246 | Vaults:5 | Received a gift from Trog
 54252 | Vaults:5 | Noticed Malvoorn's ghost (veteran MiGl)
 54564 | Vaults:5 | Gained mutation: Your magical capacity is low (-10% MP). [a neqoxec]
 54569 | Vaults:5 | Reached XP level 22. HP: 213/213 MP: 9/19
 55486 | Vaults:5 | Received a gift from Trog
 55948 | Vaults:5 | Received a gift from Trog
 55954 | Vaults:5 | Reached skill level 27 in Axes
 56326 | Vaults:5 | Killed Malvoorn's ghost
 56535 | Vaults:5 | Got an ichor-stained hand axe {freeze}
 56632 | Vaults:5 | Received a gift from Trog
 56970 | Vaults:5 | Identified the +8 hand axe "Fimutouv" {freeze, rN+ MR+} (You took it off a deep elf elementalist on level 5 of the Vaults)
 57037 | Vaults:5 | Got a transparent great sword {elec}
 57044 | Vaults:5 | Identified the +7 great sword "Ceenu" {elec, Int+4} (You took it off a deep elf death mage on level 5 of the Vaults)
 57269 | Vaults:5 | Got a silver rune of Zot
 57629 | Vaults:5 | Received a gift from Trog
 57639 | Vaults:5 | Reached XP level 23. HP: 208/225 MP: 19/19
 57966 | Vaults:5 | Got a twisted broad axe
 57967 | Vaults:5 | Identified the +4 broad axe of Fear {chop, rPois Stlth+} (You acquired it on level 5 of the Vaults)
 58051 | Vaults:5 | Received a gift from Trog
 58913 | Slime:1  | Entered Level 1 of the Pits of Slime
 58933 | Slime:1  | Gained mutation: You tend to lose your temper in combat. [a shining eye]
 58937 | Slime:1  | Gained mutation: Your body sometimes deteriorates upon taking damage. [a shining eye]
 59345 | Slime:1  | Gained mutation: You are clumsy. (Dex -2) [a shining eye]
 59347 | Slime:1  | Gained mutation: You are partially covered in iridescent scales (AC +4). [a shining eye]
 59350 | Slime:1  | Gained mutation: Armour fits poorly on your strangely shaped body. [a shining eye]
 59352 | Slime:1  | Gained mutation: You often lose your temper in combat. [a shining eye]
 59638 | Slime:2  | Received a gift from Trog
 60029 | Slime:2  | Received a gift from Trog
 60546 | Slime:3  | Reached skill level 10 in Throwing
 60870 | Slime:3  | Gained mutation: Your body often deteriorates upon taking damage. [a shining eye]
 60872 | Slime:3  | Gained mutation: Scrolls take you a little longer to read. [a shining eye]
 61373 | Slime:4  | Received a gift from Trog
 62651 | Slime:6  | Entered Level 6 of the Pits of Slime
 62676 | Slime:6  | Gained mutation: You are very clumsy. (Dex -4) [a shining eye]
 62678 | Slime:6  | Gained mutation: You are weak. (Str -2) [a shining eye]
 62692 | Slime:6  | Received a gift from Trog
 62702 | Slime:6  | Lost mutation: Scrolls take you a little longer to read. [a shining eye]
 62706 | Slime:6  | Gained mutation: You are dopey. (Int -2) [a shining eye]
 62708 | Slime:6  | Gained mutation: Scrolls take you a little longer to read. [a shining eye]
 62743 | Slime:6  | Noticed the Royal Jelly
 62989 | Slime:6  | Killed the Royal Jelly
 63012 | Slime:6  | Reached XP level 24. HP: 183/239 MP: 19/19
 63542 | Slime:6  | Got a slimy rune of Zot
 63555 | Slime:6  | Got a crystal rapier
 63560 | Slime:6  | Got a steaming mace
 63979 | Temple   | Identified the +4 rapier of Miess {freeze, rPois rC- Stlth+} (You found it on level 6 of the Pits of Slime)
 63980 | Temple   | Identified the +10 mace "Pyrit" {drain, rN+ MP+9} (You found it on level 6 of the Pits of Slime)
 64080 | Temple   | Lost mutation: Your body often deteriorates upon taking damage. [potion of cure mutation]
 64080 | Temple   | Lost mutation: You are weak. (Str -2) [potion of cure mutation]
 64080 | Temple   | Lost mutation: Your body sometimes deteriorates upon taking damage. [potion of cure mutation]
 64081 | Temple   | Lost mutation: Armour fits poorly on your strangely shaped body. [potion of cure mutation]
 64081 | Temple   | Lost mutation: Your magical capacity is low (-10% MP). [potion of cure mutation]
 64082 | Temple   | Lost mutation: You are dopey. (Int -2) [potion of cure mutation]
 64082 | Temple   | Lost mutation: You often lose your temper in combat. [potion of cure mutation]
 64082 | Temple   | Lost mutation: You are very clumsy. (Dex -4) [potion of cure mutation]
 64082 | Temple   | Lost mutation: You tend to lose your temper in combat. [potion of cure mutation]
 64082 | Temple   | Lost mutation: You are partially covered in iridescent scales (AC +4). [potion of cure mutation]
 64083 | Temple   | Lost mutation: Scrolls take you a little longer to read. [potion of cure mutation]
 64083 | Temple   | Lost mutation: You are clumsy. (Dex -2) [potion of cure mutation]
 64390 | Depths:1 | Entered Level 1 of the Depths
 64737 | Temple   | Fell from the grace of Trog
 64737 | Temple   | Became a worshipper of the Shining One
 65072 | Depths:1 | Was placed under penance by the Shining One
 65418 | Depths:1 | Found Viawn's Serpentskin Sales.
 65470 | Depths:1 | Found a gateway to a ziggurat.
 65688 | Depths:1 | Found a gateway to Hell.
 65883 | Depths:2 | Was forgiven by the Shining One
 67114 | Depths:2 | Reached * piety under the Shining One
 67548 | Depths:3 | Reached skill level 1 in Invocations
 67572 | Depths:3 | Reached ** piety under the Shining One
 67693 | Depths:3 | Paralysed by Trog for 5 turns
 67801 | Depths:3 | Found Tidemoqi's Assorted Antiques.
 67809 | Depths:3 | Bought a scroll of magic mapping for 122 gold pieces
 67855 | Depths:3 | Found a runed door.
 67864 | Depths:3 | Found a runed door.
 68070 | Depths:3 | Found a one-way gate leading to the halls of Pandemonium.
 68385 | Depths:4 | Reached *** piety under the Shining One
 68839 | Depths:4 | Found a one-way gate to the infinite horrors of the Abyss.
 69098 | Depths:4 | Reached **** piety under the Shining One
 69359 | Depths:4 | Found Jyiros's Slaves and Accessories.
 69399 | Depths:4 | Found The Legendary Boemp's Legendary Smithy.
 69462 | Depths:4 | Found Jack's Jerk-a-riffic Jerky.
 69522 | Depths:4 | Found Geehiz's Miraculous Elixirs.
 69583 | Depths:4 | Noticed an ancient lich
 69594 | Depths:4 | Killed an ancient lich
 69594 | Depths:4 | Reached XP level 25. HP: 253/253 MP: 25/25
 69645 | Depths:4 | Paralysed by Trog for 2 turns
 69695 | Depths:4 | Got a shimmering war axe {flame}
 69706 | Depths:4 | Identified the +2 war axe of Action {flame, +Inv rPois rC- MP+9} (You took it off a vampire knight on level 4 of the Depths)
 70156 | Depths:5 | Entered Level 5 of the Depths
 70327 | Depths:5 | Reached skill level 5 in Invocations
 70386 | Depths:5 | Found a white marble altar of Elyvilon.
 70517 | Depths:5 | Reached ***** piety under the Shining One
 70553 | Depths:5 | Found a gate to the Realm of Zot.
 70872 | Depths:5 | Got a jewelled chain mail
 70874 | Depths:5 | Identified the +1 chain mail of the Scribe {rPois Str+5 Int-3 Slay-3} (You found it on level 5 of the Depths)
 71210 | Crypt:1  | Entered Level 1 of the Crypt
 71720 | Crypt:1  | Reached ****** piety under the Shining One
 71854 | Crypt:2  | Reached skill level 27 in Fighting
 72966 | Crypt:3  | Entered Level 3 of the Crypt
 73550 | Crypt:3  | Reached XP level 26. HP: 266/266 MP: 27/27
 74184 | Crypt:3  | Found a staircase to the Tomb.
 74313 | Crypt:3  | Found an ancient bone altar of Kikubaaqudgha.
 74319 | Crypt:3  | Found a basalt altar of Yredelemnul.
 74333 | Crypt:3  | Got an ancient war axe
 75112 | Temple   | Identified the +12 war axe "Dettyxt" {venom, +Rage +Inv rElec rC-} (You found it on level 3 of the Crypt)
 75145 | Temple   | Identified a +7 broad axe of holy wrath (a +5 broad axe of chopping blessed by the Shining One)
 75145 | Temple   | Received a gift from the Shining One
 75193 | Temple   | Learned a level 9 spell: Tornado
 75202 | Temple   | Learned a level 8 spell: Discord
 75932 | Tomb:1   | Entered Level 1 of the Tomb of the Ancients
 75986 | Tomb:1   | Noticed Frederick
 75997 | Tomb:1   | Killed Frederick
 76147 | Tomb:1   | Reached skill level 1 in Hexes
 76248 | Tomb:1   | Reached skill level 1 in Air Magic
 76333 | Tomb:1   | Noticed a greater mummy
 76342 | Tomb:1   | Killed a greater mummy
 76342 | Tomb:1   | Reached skill level 1 in Spellcasting
 76754 | Tomb:1   | Noticed a greater mummy
 76764 | Tomb:1   | Killed a greater mummy
 76796 | Tomb:1   | Noticed a greater mummy
 76807 | Tomb:1   | Noticed a greater mummy
 76812 | Tomb:1   | Killed a greater mummy
 77093 | Crypt:3  | Was forgiven by Trog
 77177 | Tomb:1   | Noticed a greater mummy
 77177 | Tomb:1   | Noticed a greater mummy
 77189 | Tomb:1   | Noticed a greater mummy
 77780 | Tomb:1   | Killed a greater mummy
 78673 | Tomb:2   | Noticed a greater mummy
 78673 | Tomb:2   | Noticed a greater mummy
 78674 | Tomb:2   | Noticed a greater mummy
 78675 | Tomb:2   | Noticed a greater mummy
 78688 | Tomb:1   | Killed a greater mummy
 79744 | Tomb:2   | Killed a greater mummy
 79749 | Tomb:2   | Killed a greater mummy
 79754 | Tomb:2   | Killed a greater mummy
 79838 | Tomb:1   | Noticed a greater mummy
 79838 | Tomb:1   | Noticed a greater mummy
 79855 | Tomb:1   | Killed a greater mummy
 79857 | Tomb:1   | Noticed a greater mummy
 79858 | Tomb:1   | Killed a greater mummy
 79860 | Tomb:1   | Killed a greater mummy
 79949 | Tomb:2   | Gained mutation: You expend magic power (3 MP) to strengthen your wands. [the power of Zot]
 79949 | Tomb:2   | Gained mutation: You are dopey. (Int -2) [the power of Zot]
 80292 | Tomb:1   | Killed a greater mummy
 80294 | Tomb:1   | Noticed a greater mummy
 80299 | Tomb:1   | Killed a greater mummy
 80307 | Tomb:1   | Noticed a greater mummy
 80314 | Tomb:1   | Killed a greater mummy
 80390 | Tomb:1   | Noticed a greater mummy
 80393 | Tomb:1   | Noticed a greater mummy
 80402 | Tomb:1   | Killed a greater mummy
 80409 | Tomb:1   | Killed a greater mummy
 80419 | Tomb:1   | Killed a greater mummy
 80423 | Tomb:1   | Noticed a greater mummy
 80432 | Tomb:1   | Killed a greater mummy
 80432 | Tomb:1   | Reached XP level 27. HP: 121/270 MP: 3/29
 80451 | Tomb:1   | Killed a greater mummy
 80617 | Tomb:1   | Noticed a greater mummy
 80632 | Tomb:1   | Killed a greater mummy
 80632 | Tomb:1   | Reached skill level 27 in Shields
 80649 | Tomb:1   | Noticed a greater mummy
 80651 | Tomb:1   | Killed a greater mummy
 80655 | Tomb:1   | Noticed a greater mummy
 80656 | Tomb:1   | Noticed a greater mummy
 80658 | Tomb:1   | Noticed a greater mummy
 80659 | Tomb:1   | Noticed a greater mummy
 80670 | Tomb:1   | Killed a greater mummy
 81316 | Tomb:1   | HP: 11/268 [death scarab][a greater mummy] (15)]
 81316 | Tomb:1   | The Shining One protects you from harm!
 81317 | Tomb:2   | HP: 4/268 [poisoned by a death scarab (dark miasma)]
 81319 | Tomb:2   | The Shining One protects you from harm!
 81321 | Tomb:2   | HP: 1/268 [poisoned by a death scarab (dark miasma)]
 81321 | Tomb:2   | Slain by an emperor scorpion

Skill      XL: |  1  2  3  4  5  6  7  8  9 10 11 12 13 14 15 16 17 18 19 20 21 22 23 24 25 26 27 |
---------------+----------------------------------------------------------------------------------+-----
Fighting       | 4 5 6 7 9 11 12 13 14 16 17 18 19 20 21 22 24 26 27 | 27.0
Axes           | 4 5 7 9 11 13 14 16 18 19 20 21 23 24 25 26 27 | 27.0
Armour         | 3 4 5 6 8 9 10 12 13 14 15 16 17 18 19 20 21 | 21.8
Dodging        | 3 |  3.1
Shields        | 2 3 4 6 8 10 11 13 14 15 16 17 18 19 20 21 22 23 24 26 27 | 27.0
Long Blades    | 5 |  5.3
Throwing       | 4 6 8 9 10 11 | 11.1
Invocations    | 4 6 9 |  9.5
Hexes          | 3 |  3.0
Air Magic      | 3 |  3.1
Spellcasting   | 2 |  2.5
Evocations     | |  0.3

Action                   |  1- 3 |  4- 6 |  7- 9 | 10-12 | 13-15 | 16-18 | 19-21 | 22-24 | 25-27 || total
-------------------------+-------+-------+-------+-------+-------+-------+-------+-------+-------++-------
Melee: Hand axe          |    79 |   158 |   466 |   827 |   187 |       |       |   343 |       ||  2060
       Headbutt          |    11 |    32 |   147 |   234 |   363 |   332 |   453 |   504 |   286 ||  2362
       Scimitar          |       |       |       |     3 |    58 |   130 |    16 |       |       ||   207
       Falchion          |       |       |       |     8 |     5 |       |       |       |       ||    13
       Broad axe         |       |       |       |       |  1190 |  1316 |  1691 |  1492 |  1080 ||  6769
       War axe           |       |       |       |       |    47 |       |       |       |       ||    47
Throw: Javelin           |       |       |       |       |       |     2 |   108 |    38 |       ||   148
       Tomahawk          |       |       |       |       |       |       |       |       |     3 ||     3
Invok: Berserk           |       |     1 |     3 |       |     6 |    10 |     8 |     5 |       ||    33
       Trog's Hand       |       |     1 |     1 |     3 |     6 |    10 |    10 |     5 |       ||    36
       Burn Spellbooks   |       |       |       |     1 |     7 |     4 |     2 |     2 |       ||    16
       Brothers in Arms  |       |       |       |       |       |     3 |     4 |     2 |       ||     9
       Divine Shield     |       |       |       |       |       |       |       |     1 |     7 ||     8
       Cleansing Flame   |       |       |       |       |       |       |       |       |    46 ||    46
       Summon Divine War |       |       |       |       |       |       |       |       |    15 ||    15
       Brand Weapon With |       |       |       |       |       |       |       |       |     1 ||     1
 Abil: Evoke Flight      |       |       |       |       |       |     3 |     1 |       |       ||     4
Evoke: Wand              |       |       |       |     8 |     1 |     5 |     1 |     3 |       ||    18
  Use: Scroll            |     5 |     3 |     9 |    10 |    17 |    12 |    12 |     9 |    32 ||   109
       Potion            |       |     1 |       |     1 |     3 |    12 |     8 |    15 |    16 ||    56
 Stab: Distracted        |       |       |       |       |       |     2 |     1 |       |       ||     3
       Confused          |       |       |       |       |       |     1 |       |       |       ||     1
  Eat: Chunk             |     1 |     7 |    17 |    22 |    55 |    36 |    32 |    27 |     7 ||   204
       Royal jelly       |       |       |       |       |     1 |       |     1 |       |     1 ||     3
       Pizza             |       |       |       |       |       |     7 |     1 |     4 |       ||    12
       Beef jerky        |       |       |       |       |       |     3 |     3 |       |    11 ||    17
       Bread ration      |       |       |       |       |       |     1 |       |       |       ||     1
       Fruit             |       |       |       |       |       |       |     3 |    11 |    16 ||    30
       Meat ration       |       |       |       |       |       |       |     3 |     5 |     2 ||    10
Armor: Ring mail         |    21 |    16 |       |       |       |       |       |       |       ||    37
       Animal skin       |     4 |       |       |       |       |       |       |       |       ||     4
       Chain mail        |       |    41 |   121 |    53 |    80 |   442 |   409 |   457 |   333 ||  1936
       Scale mail        |       |     9 |       |       |       |       |       |       |       ||     9
       Plate armour      |       |       |       |   246 |   465 |   162 |    92 |       |       ||   965
       Skin              |       |       |       |    10 |       |       |       |       |       ||    10
Dodge: Dodged            |    54 |    33 |    63 |    97 |   191 |   286 |   264 |   309 |   152 ||  1449
Block: Large shield      |     6 |   112 |   226 |   674 |  1258 |  1398 |  1748 |   993 |       ||  6415
       Shield            |       |       |       |       |       |       |       |   693 |  1488 ||  2181
